 Dungeon Crawl Stone Soup version 0.28.0-43-g3370ac3207 (webtiles) character file.

Game seed: 6582844301599938795

978 bnorton916 the Chiller (level 8, -1/41 (53) HPs)
             Began as a Barachi Ice Elementalist on Mar 21, 2022.
             Slain by a wight
             ... wielding a +3 long sword
              (3 damage)
             ... on level 5 of the Dungeon.
             The game lasted 00:16:07 (8263 turns).

bnorton916 the Chiller (Barachi Ice Elementalist)   Turns: 8263, Time: 00:16:08

HP:   -1/41 (53)    AC: 10    Str:  9    XL:     8   Next: 17%
MP:   13/13         EV: 11    Int: 25    God:
Gold: 203           SH:  0    Dex: 12    Spells: 3/14 levels left

rFire   . . .      SeeInvis .   E - +3 mace
rCold   . . .      Faith    .   (no shield)
rNeg    . . .      Spirit   .   r - +0 leather armour
rPois   .          Reflect  .   o - +0 helmet
rElec   .          Harm     .   (no cloak)
rCorr   .          Rampage  .   (no gloves)
Will    .....                   (no boots)
Stlth   ++........              p - amulet of magic regeneration
HPRegen 0.13/turn               j - +6 ring of intelligence
MPRegen 0.53/turn               (no ring)

@: ice-armoured, heavily drained, slow
A: amphibious, slowness 1, strong legs 1, +LOS
a: Hop


You were on level 5 of the Dungeon.
You visited 2 branches of the dungeon, and saw 7 of its levels.

You collected 236 gold pieces.
You spent 33 gold pieces at shops.

Inventory:

Hand Weapons
 v - a +0 long sword
 A - a +1 whip of venom
 E - a +3 mace (weapon)
Missiles
 f - 123 stones (quivered)
Armour
 a - a +0 robe
 b - an orb of guile
 k - a +1 kite shield of protection
 o - a +0 helmet (worn)
 r - a +0 leather armour (worn)
Magical Staves
 q - a staff of death
Jewellery
 j - a +6 ring of intelligence (left hand)
 p - an amulet of magic regeneration (around neck)
Wands
 l - a wand of flame (22)
 y - a wand of charming (12)
Scrolls
 e - a scroll of amnesia {unknown}
 g - 3 scrolls of identify {unknown}
 s - a scroll of fog {unknown}
 t - a scroll of blinking {unknown}
 u - a scroll of fear {unknown}
 x - a scroll of holy word {unknown}
 z - a scroll of torment {unknown}
 B - a scroll of acquirement {unknown}
Potions
 c - a potion of ambrosia {unknown}
 d - 2 potions of heal wounds {unknown}
 h - a potion of cancellation {unknown}
 i - 5 potions of curing
 m - a potion of attraction {unknown}
 n - 3 potions of haste
 w - a potion of resistance {unknown}
 C - a potion of flight {unknown}
 D - a potion of degeneration {unknown}


   Skills:
 - Level 0.4 Fighting
 - Level 4.8 Armour
 - Level 2.1 Dodging
 - Level 1.7 Stealth
 + Level 6.7 Shields
 - Level 3.7 Spellcasting
 - Level 6.8 Ice Magic


You had 3 spell levels left.
You knew the following spells:

 Your Spells              Type           Power      Damage    Failure   Level
a - Freeze                Ice            100%       1d11      1%          1
b - Frozen Ramparts       Ice            76%        1d9       2%          3
c - Ozocubu's Armour      Ice            38%        N/A       2%          3
d - Hailstorm             Conj/Ice       21%        3d6       30%         4

Your spell library contained the following spells:

 Spells                   Type           Power      Damage    Failure   Level
 Foxfire                  Conj/Fire      16%        2x1d4     12%         1
 Conjure Flame            Conj/Fire      4%         6-21      36%         3
 Inner Flame              Hex/Fire       4%         N/A       36%         3
 Airstrike                Air            2%         N/A       77%         4
 Flame Wave               Conj/Fire      4%         2d5       77%         4
 Summon Lightning Spire   Summ/Air       4%         N/A       77%         4
 Lightning Bolt           Conj/Air       2%         1d13      98%         5
 Ozocubu's Refrigeration  Ice            19%        4d8       99%         7


Dungeon Overview and Level Annotations

Branches:
Dungeon (6/15)             Temple (1/1) D:4

Altars:
Ashenzari
Dithmenos
Elyvilon
Fedhas
Hepliaklqana
Kikubaaqudgha
Makhleb
Qazlal
Ru
Sif Muna
Trog
Uskayaw
Vehumet
Xom
Yredelemnul
Zin
The Shining One

Shops:
D:2 *:![   D:3 *


Innate Abilities, Weirdness & Mutations

You are amphibious.
You cover ground slowly.
You can hop short distances.
You have an extended range of vision and can be seen from far away.


Message History

The wall freezes the wight but does no damage.
The wight hits you with a +3 long sword.
You feel drained.
You closely miss the wight.
The wight is lightly damaged.
The wight completely resists.
The wall freezes the wight but does no damage.
The wight barely misses you.
You hit the wight.
The wight is heavily damaged.
The wight resists.
The wall freezes the wight.
The wight hits you but does no damage.
The wight resists.
The wall freezes the wight.
The wight hits you with a +3 long sword!
You feel drained.
You closely miss the wight.
The wight is heavily damaged.
The wight completely resists.
The wall freezes the wight but does no damage.
The wight closely misses you.
You hit the wight.
The wight is severely damaged.
The wight resists.
The wall freezes the wight.
The wight barely misses you.
You hit the wight but do no damage. You punch the wight, but do no damage.
The wight is severely damaged.
The frozen ramparts melt away.
The wight hits you with a +3 long sword!
* * * LOW HITPOINT WARNING * * *
The wight hits you with a +3 long sword.
* * * LOW HITPOINT WARNING * * *
You hit the wight.
The wight is almost destroyed.
The wight hits you but does no damage.
You barely miss the wight.
The wight is almost destroyed.
The wight hits you with a +3 long sword.
* * * LOW HITPOINT WARNING * * *
You feel drained.
The wight hits you with a +3 long sword.
You die...

.#####.....##..## ##.....<.....
.# #..).......## ##............
.# #...).##....###.............
.# #.....#####..)...##.......##
.#####.....# #)#######.........
.......##### #.##^.........#.##
################.##.#.#......#.#
#..............#..#..#.......# #
#.###.#.#####[@.....###.####.#
###.###.#.# #z###.##.##......#
.##.##..#.# #.###...#...######
.......##.# #.##)..........#
.##.#####.# #........#..##.#
###.......# #........##.##.####
# ######### #........##........
#..............####
#........####..# #


You could see a wight.

Vanquished Creatures
  Duvessa (D:4)
  A sky beast (D:3)
  An ogre (D:5)
  A scorpion (D:5)
  A water moccasin zombie (D:3)
  Dowan (D:4)
  A wight (D:5)
  2 jellies (D:2)
  An orc priest (D:4)
  A hound (D:4)
  Jessica (D:2)
  An iguana (D:5)
  Natasha (thrice) (D:2)
  3 orc wizards (D:3)
  Robin (D:2)
  3 gnolls (D:5)
  3 adders
  A dart slug (D:1)
  11 orcs
  7 endoplasms (D:2)
  2 giant cockroaches
  14 goblins
  9 hobgoblins
  9 jackals
  2 quokkas
  4 ball pythons
  9 bats
  2 frilled lizards (D:2)
  10 kobolds
  3 rats
109 creatures vanquished.

Vanquished Creatures (others)
  A fungus (D:2)
  7 toadstools (D:2)
8 creatures vanquished.

Grand Total: 117 creatures vanquished

Notes
Turn   | Place    | Note
-------+----------+-------------------------------------------
     0 | D:1      | bnorton916 the Barachi Ice Elementalist began the quest for
                  | the Orb.
     0 | D:1      | Reached XP level 1. HP: 13/13 MP: 3/3
   149 | D:1      | Reached skill level 5 in Ice Magic
   319 | D:1      | Reached XP level 2. HP: 19/19 MP: 3/5
  1367 | D:1      | Reached XP level 3. HP: 24/24 MP: 3/6
  1371 | D:1      | Learned a level 3 spell: Frozen Ramparts
  1375 | D:1      | Learned a level 3 spell: Ozocubu's Armour
  1508 | D:2      | Found Roru's Armour Boutique.
  1529 | D:2      | Found Ciantol's Distillery.
  1679 | D:2      | Bought a potion of curing for 33 gold pieces
  1704 | D:2      | Noticed Natasha
  1708 | D:2      | Killed Natasha
  1758 | D:2      | Reached XP level 4. HP: 28/31 MP: 6/8
  2019 | D:2      | Noticed Natasha
  2029 | D:2      | Killed Natasha
  2398 | D:2      | Noticed Natasha
  2404 | D:2      | Killed Natasha
  2420 | D:2      | Noticed Jessica
  2429 | D:2      | Killed Jessica
  2430 | D:2      | Reached XP level 5. HP: 33/36 MP: 1/10
  2526 | D:2      | Found Vaatziacho's General Store.
  2527 | D:2      | Noticed Robin
  2534 | D:2      | Killed Robin
  2624 | D:2      | Found Gyexa's Book Boutique.
  2694 | D:2      | Learned a level 4 spell: Hailstorm
  3084 | D:2      | You fall into a shaft and drop 2 floors!
  3300 | D:4      | Noticed Duvessa
  3300 | D:4      | Noticed Dowan
  3314 | D:4      | Killed Dowan
  3315 | D:4      | Reached skill level 1 in Armour
  3315 | D:4      | Reached skill level 1 in Shields
  3318 | D:4      | Killed Duvessa
  3319 | D:4      | Reached XP level 6. HP: 11/42 MP: 7/11
  3731 | D:3      | Found a faded altar of an unknown god.
  3926 | D:3      | Noticed a sky beast
  3945 | D:3      | Killed a sky beast
  3946 | D:3      | Reached XP level 7. HP: 31/47 MP: 10/12
  4478 | D:3      | Found Siadip's Assorted Antiques.
  5912 | D:4      | Found a staircase to the Ecumenical Temple.
  6004 | Temple   | Entered the Ecumenical Temple
  6293 | D:4      | Reached skill level 5 in Shields
  6505 | D:5      | Entered Level 5 of the Dungeon
  6953 | D:5      | Reached XP level 8. HP: 18/53 MP: 13/13
  8263 | D:5      | HP: 2/42 [wight/+3 long sword (6)]
  8263 | D:5      | Slain by a wight

Illustrated notes

Levels and vault maps discovered:
D:1:      wander_arrival_desolate, layout_basic
D:2:      cheibrodos_fertilizer, layout_loops_ring, serial_shops,
          nicolae_shop_waterfront, nicolae_square_shop, nicolae_square_shop,
          nicolae_shop_stone, uniq_jessica, uniq_natasha, uniq_robin
D:3:      layout_loops_corners, serial_shops, nicolae_diamond_shop,
          nicolae_ecumenical_pavilion
D:4:      layout_rooms, minmay_temple_entry_proselytizer,
          hangedman_feature_mirror, uniq_duvessa
D:5:      layout_loops_cross, minmay_misc_feat_square
D:6:      layout_basic
Temple:   minmay_crystal_spiral_temple

Skill      XL: |  1  2  3  4  5  6  7 |
---------------+----------------------+-----
Ice Magic      | 5 6 |  6.8
Spellcasting   | 3 |  3.7
Armour         | 2 4 |  4.8
Shields        | 2 3 6 |  6.7
Fighting       | |  0.4
Dodging        | |  2.1
Stealth        | |  1.7

Action                   |  1- 3 |  4- 6 |  7- 9 || total
-------------------------+-------+-------+-------++-------
Melee: Unarmed           |     2 |       |       ||     2
       Whip              |       |    13 |    66 ||    79
       Punch             |       |       |     2 ||     2
       Mace              |       |       |     9 ||     9
Throw: Stone             |     3 |       |       ||     3
 Cast: Freeze            |    37 |    12 |    13 ||    62
       Frozen Ramparts   |     1 |    13 |    17 ||    31
       Ozocubu's Armour  |       |     5 |     4 ||     9
Evoke: Wand              |       |     1 |     3 ||     4
Armor: Robe              |     6 |    18 |    23 ||    47
       Leather armour    |       |       |    21 ||    21
Dodge: Dodged            |    28 |    20 |    49 ||    97
